 Dungeon Crawl Stone Soup version 0.18-a0-1485-g189885c (webtiles) character file.

2109 Kidiri the Thaumaturge (level 9, -1/50 HPs)
             Began as a Deep Elf Fire Elementalist on Feb 29, 2016.
             Was an Initiate of Vehumet.
             Slain by a two-headed ogre
             ... wielding a cursed +0 giant club
              (14 damage)
             ... on level 8 of the Dungeon on Mar 3, 2016.
             The game lasted 00:32:06 (9429 turns).

Kidiri the Thaumaturge (Deep Elf Fire Elementalist) Turns: 9429, Time: 00:32:06

Health: -1/50      AC:  4    Str:  5    XL:     9   Next: 7%
Magic:  7/23       EV: 18    Int: 24    God:    Vehumet [......]
Gold:   168        SH:  4    Dex: 15    Spells: 7 memorised, 1 level left

rFire  . . .     SeeInvis .     z - +2 short sword (freeze)
rCold  + . .     Gourm    .     a - +1 robe
rNeg   . . .     Faith    .     (no shield)
rPois  .         Spirit   .     (no helmet)
rElec  .         Dismiss  .     (no cloak)
rCorr  .         Reflect  +     r - +0 pair of gloves
SustAt .         Harm     .     (no boots)
MR     .....                    i - +4 amulet of reflection
Stlth  +++.......               G - ring of protection from cold
                                l - +3 ring of evasion

@: not resistant to hostile enchantments, fairly stealthy
A: no striking features
a: Renounce Religion


You were on level 8 of the Dungeon.
You worshipped Vehumet.
Vehumet was noncommittal.
You were not hungry.

You visited 2 branches of the dungeon, and saw 9 of its levels.
You also visited: Sewer.

You collected 394 gold pieces.
You spent 226 gold pieces at shops.

Inventory:

Hand Weapons
 t - a +5 dagger
 x - a +2 rapier of draining
 z - a +2 short sword of freezing (weapon)
Missiles
 A - a throwing net (quivered)
Armour
 a - a +1 robe (worn)
 r - a +0 pair of gloves (worn)
Jewellery
 i - a +4 amulet of reflection (around neck)
 l - a +3 ring of evasion (left hand)
 E - an uncursed ring of teleportation
 G - a ring of protection from cold (right hand)
Wands
 p - a wand of confusion (36/48)
 B - a wand of polymorph (13/24)
 C - a wand of disintegration (6/24)
Scrolls
 e - 2 scrolls of remove curse
 j - 2 scrolls of immolation
 u - a scroll of teleportation
 y - 3 scrolls of blinking {unknown}
 D - 4 scrolls of recharging
Potions
 d - 3 potions of brilliance
 f - a potion of heal wounds
 h - 2 potions of lignification
 k - 3 potions of flight
 m - 6 potions of curing
 o - a potion of might
 s - a potion of ambrosia
 v - 2 potions of resistance
 w - a potion of magic
 F - a potion of haste
 H - a potion of cancellation {unknown}
 I - a potion of agility
Books
 b - a book of Flames

   Spells                             Type                      Level
   a - Flame Tongue                   Conjuration/Fire             1
   b - Throw Flame                    Conjuration/Fire             2
   c - Conjure Flame                  Conjuration/Fire             3
   d - Inner Flame                    Hexes/Fire                   3
   e - Sticky Flame                   Conjuration/Fire             4
   f - Fireball                       Conjuration/Fire             5
 g - a book of Dreams

   Spells                             Type                      Level
   a - Ensorcelled Hibernation        Hexes/Ice                    2
   b - Silence                        Hexes/Air                    5
   c - Darkness                       Hexes                        6
   d - Mass Confusion                 Hexes                        6
   e - Shadow Creatures               Summoning                    6
Comestibles
 c - 8 bread rations
 q - 2 meat rations


   Skills:
 + Level 3.0 Fighting
 + Level 5.5 Dodging
 + Level 5.9 Stealth
 * Level 8.9 Spellcasting
 + Level 4.8 Conjurations
 + Level 4.8 Hexes
 + Level 5.3 Fire Magic


You had one spell level left.
You knew the following spells:

 Your Spells              Type           Power        Failure   Level  Hunger
a - Flame Tongue          Conj/Fire      #####        1%          1    None
b - Throw Flame           Conj/Fire      #####.       1%          2    None
c - Conjure Flame         Conj/Fire      #####...     2%          3    None
d - Inner Flame           Hex/Fire       #####...     2%          3    None
e - Sticky Flame          Conj/Fire      #####...     10%         4    ##.....
f - Fireball              Conj/Fire      #####.....   24%         5    ####...
g - Mass Confusion        Hex            ####......   95%         6    ######.


Dungeon Overview and Level Annotations

Branches:
Dungeon (8/15)             Temple (1/1) D:6
   Lair: D:8-11

Altars:
Ashenzari
Cheibriados
Dithmenos
Elyvilon
Fedhas
Kikubaaqudgha
Makhleb
Nemelex Xobeh
Okawaru
Pakellas
Qazlal
Ru
Sif Muna
Trog
Vehumet
Xom
Yredelemnul
Zin
The Shining One

Shops:
D:4 *   D:5 [   D:7 (:*!


Message History

Confirm with . or Enter, or press ? or * to list all spells.
Aiming: Flame Tongue
Press: ? - help, Shift-Dir - straight line, f - two-headed ogre
Aim: a two-headed ogre, wielding two giant clubs The flame tongue hits the two-headed ogre.
The two-headed ogre is lightly wounded.
Casting: Flame Tongue
Confirm with . or Enter, or press ? or * to list all spells.
Aiming: Sticky Flame
Press: ? - help, Shift-Dir - straight line, f/p - two-headed ogre
Aim: a two-headed ogre, wielding two giant clubs (lightly wounded)
The sticky flame hits the two-headed ogre.
The two-headed ogre is moderately wounded.
The two-headed ogre is covered in liquid flames!
The two-headed ogre burns!
The two-headed ogre hits you with a giant club!!
Ouch! That really hurt!
* * * LOW HITPOINT WARNING * * *
The two-headed ogre hits you with a giant club!
You die...

. ##. #.. #.#
#.# #.# #!#
#####@#####
#....O.<..#
#.........#
#.>.).....#
#.>....)..#
...............
..#.........###
..#.....<...#
#....%....#


You could see a two-headed ogre (burning).

Vanquished Creatures
  Menkaure (D:5)
  Duvessa (D:5)
  A water moccasin (D:3)
  Purgy (Sewer)
  2 orc warriors
  A phantom (D:4)
  A sky beast (D:7)
  An ogre (D:4)
  Blork the orc (D:6)
  2 giant frogs (D:6)
  A water moccasin skeleton (D:6)
  Dowan (D:5)
  4 howler monkeys
  3 crimson imps
  A giant frog skeleton (D:4)
  A hound (D:7)
  A jelly (D:5)
  3 orc priests
  2 centaur skeletons
  2 iguanas
  Natasha (twice) (D:2)
  3 orc wizards
  2 worker ants (D:7)
  A hound skeleton (D:4)
  4 adders
  An adder zombie (D:5)
  5 worms
  5 dart slugs
  8 giant geckos
  16 orcs
  10 giant cockroaches
  17 goblins
  6 hobgoblins
  11 jackals
  5 quokkas
  A ball python (D:1)
  13 bats
  6 giant newts
  A jackal skeleton (D:6)
  6 kobolds
  13 rats
167 creatures vanquished.

Notes
Turn   | Place    | Note
--------------------------------------------------------------
     0 | D:1      | Kidiri the Deep Elf Fire Elementalist began the quest for the Orb.
     0 | D:1      | Reached XP level 1. HP: 10/10 MP: 6/6
   275 | D:1      | Reached XP level 2. HP: 15/15 MP: 4/8
   293 | D:1      | Learned a level 2 spell: Throw Flame
   801 | D:1      | Reached XP level 3. HP: 19/19 MP: 7/10
   806 | D:1      | Learned a level 3 spell: Conjure Flame
   810 | D:1      | Learned a level 3 spell: Inner Flame
  1642 | D:2      | Reached skill level 4 in Spellcasting
  1743 | D:2      | Reached XP level 4. HP: 24/24 MP: 6/12
  1877 | D:2      | Upgraded the game from 0.18-a0-1443-ge8f1551 to 0.18-a0-1468-gaf180a1
  2149 | D:2      | Noticed Natasha
  2156 | D:2      | Killed Natasha
  2156 | D:2      | Reached skill level 1 in Hexes
  2292 | D:2      | Noticed Natasha
  2299 | D:2      | Killed Natasha
  2501 | D:3      | Reached XP level 5. HP: 28/28 MP: 7/14
  2507 | D:3      | Learned a level 4 spell: Sticky Flame
  2685 | D:3      | Reached skill level 1 in Fighting
  2786 | D:3      | Noticed a water moccasin
  2792 | D:3      | Killed a water moccasin
  2792 | D:3      | Reached skill level 5 in Spellcasting
  3007 | D:3      | Reached XP level 6. HP: 34/34 MP: 11/16
  3988 | D:4      | Found Kidaogo's General Store.
  3991 | D:4      | Bought a scroll of recharging for 133 gold pieces
  3991 | D:4      | Bought a scroll of identify for 28 gold pieces
  4400 | D:4      | Upgraded the game from 0.18-a0-1468-gaf180a1 to 0.18-a0-1485-g189885c
  4438 | D:4      | Reached skill level 6 in Spellcasting
  4454 | D:4      | Reached XP level 7. HP: 39/39 MP: 4/18
  4648 | D:4      | Learned a level 5 spell: Fireball
  5194 | D:5      | Entered Level 5 of the Dungeon
  5194 | D:5      | Noticed Menkaure
  5309 | D:5      | Found a bloodstained altar of Trog.
  5386 | D:5      | Found Lavumu's Armour Boutique.
  5498 | D:5      | Killed Menkaure
  5672 | D:5      | Noticed Dowan
  5675 | D:5      | Noticed Duvessa
  5681 | D:5      | Killed Dowan
  5681 | D:5      | Reached skill level 7 in Spellcasting
  5686 | D:5      | Killed Duvessa
  5686 | D:5      | Reached skill level 5 in Stealth
  5686 | D:5      | Reached XP level 8. HP: 41/44 MP: 6/21
  6102 | D:6      | Noticed Blork the orc
  6217 | D:6      | Found a glowing drain.
  6221 | Sewer    | Entered a sewer
  6391 | Sewer    | Noticed Purgy
  6397 | Sewer    | Killed Purgy
  6397 | Sewer    | Reached skill level 5 in Dodging
  6397 | Sewer    | Reached skill level 8 in Spellcasting
  6397 | Sewer    | Reached skill level 5 in Fire Magic
  6812 | D:6      | Found a staircase to the Ecumenical Temple.
  6817 | Temple   | Entered the Ecumenical Temple
  6834 | Temple   | Became a worshipper of Vehumet
  7091 | D:6      | Found a bloodstained altar of Trog.
  7092 | D:6      | Found a stormy altar of Qazlal.
  7522 | D:6      | Killed Blork the orc
  8005 | D:7      | Found Kikhleleo's Antique Weapon Emporium.
  8396 | D:7      | Found Ecroithreor's Jewellery Shop.
  8448 | D:7      | Found Gonuffics's General Store.
  8451 | D:7      | Bought a scroll of identify for 26 gold pieces
  8451 | D:7      | Bought a potion of curing for 39 gold pieces
  8778 | D:7      | Found Hiwidas's Distillery.
  9094 | D:7      | Reached XP level 9. HP: 42/50 MP: 14/23
  9102 | D:7      | Learned a level 6 spell: Mass Confusion
  9318 | D:7      | Found Munaen's Book Boutique.
  9429 | D:8      | Slain by a two-headed ogre

Vault maps used:
D:1:      nicolae_arrival_washed_ashore, serial_bayou_lagoon_b
D:2:      minmay_misc_feat_more_columns, dk_noncrumbling_3, uniq_natasha
D:3:      first_bread, minmay_divided_ellipse
D:4:      serial_shops, nicolae_shop_behind_doors
D:5:      serial_shops, shop, roderic_nine_men_s_morris, trog_butcher_becter,
          uniq_duvessa, uniq_menkaure
D:6:      grunt_temple_overflow_open, temple_doors_e, gup_sewer_entry_bowl,
          uniq_blork_the_orc
D:7:      serial_shops, shop, nicolae_shop_behind_doors, nicolae_shop_stone,
          kennysheep_mini_moat, nicolae_shop_stone
D:8:      nicolae_gozag_seed_capital
Temple:   minmay_crystal_snake_temple_18
Sewer:    sewer_big_baddie

Skill      XL: |  1  2  3  4  5  6  7  8 |
---------------+-------------------------+-----
Stealth        | 3 4 5 |  5.9
Spellcasting   | 4 5 6 7 8 |  8.9
Conjurations   | 2 3 4 |  4.8
Hexes          | 1 2 3 4 |  4.8
Dodging        | 3 4 5 |  5.5
Fighting       | 1 2 3 |  3.0
Fire Magic     | 4 5 |  5.3

Action                   |  1- 3 |  4- 6 |  7- 9 || total
-------------------------+-------+-------+-------++-------
Melee: Unarmed           |     8 |       |       ||     8
       Dagger            |     4 |     1 |       ||     5
       Short sword       |       |     5 |    49 ||    54
       Rapier            |       |       |     2 ||     2
 Cast: Flame Tongue      |    51 |    77 |    79 ||   207
       Throw Flame       |    24 |    44 |    42 ||   110
       Inner Flame       |       |     2 |     4 ||     6
       Conjure Flame     |       |     1 |     6 ||     7
       Sticky Flame      |       |     1 |     6 ||     7
  Use: Scroll            |       |     8 |     9 ||    17
 Stab: Sleeping          |     1 |     1 |     8 ||    10
  Eat: Chunk             |     3 |     8 |     5 ||    16
       Beef jerky        |       |     1 |       ||     1
       Pizza             |       |       |     3 ||     3
       Meat ration       |       |       |     1 ||     1
